 Dungeon Crawl Stone Soup version 0.21.1-1-g345015f (webtiles) character file.

2092 Cidec the Carver (level 9, 0/61 HPs)
             Began as a Demonspawn Gladiator on Mar 13, 2018.
             Slain by an orc warrior
             ... wielding a +0 trident
              (13 damage)
             ... on level 8 of the Dungeon.
             The game lasted 00:26:56 (7169 turns).

Cidec the Carver (Demonspawn Gladiator)             Turns: 7169, Time: 00:26:56

Health: 0/61       AC: 10    Str: 18    XL:     9   Next: 6%
Magic:  9/9        EV: 11    Int: 11    God:
Gold:   537        SH:  0    Dex: 15    Spells: 8/8 levels left

rFire    + . .     SeeInvis .   a - +1 long sword
rCold    + . .     Gourm    .   (no shield)
rNeg     . . .     Faith    .   o - +0 scale mail
rPois    +         Spirit   .   (helmet restricted)
rElec    .         Reflect  +   (no cloak)
rCorr    +         Harm     .   (no gloves)
MR       .....                  (no boots)
Stlth    ..........             k - +6 amulet of reflection
HPRegen  0.20/turn              b - ring of poison resistance
MPRegen  0.11/turn              (no ring)

@: confused
A: horns 1, yellow scales 3, clever 1, cold resistance 1, fire resistance 1,
powered by pain 3
a: no special abilities


You were on level 8 of the Dungeon.
You were not hungry.

You visited 2 branches of the dungeon, and saw 9 of its levels.

You collected 537 gold pieces.

Inventory:

Hand Weapons
 a - a +1 long sword (weapon)
Missiles
 j - 2 throwing nets (quivered)
Armour
 o - a +0 scale mail (worn)
Jewellery
 b - a ring of poison resistance (left hand)
 k - a +6 amulet of reflection (around neck)
 q - an uncursed amulet of guardian spirit
Wands
 d - a wand of digging (9)
 p - a wand of iceblast (12)
Scrolls
 g - 4 scrolls of remove curse
 i - 8 scrolls of identify
 s - a scroll of random uselessness {unknown}
Potions
 c - 2 potions of brilliance
 e - a potion of mutation
 m - 2 potions of curing
 n - 3 potions of flight
 r - a potion of haste {unknown}
Comestibles
 f - 14 rations
 t - 2 chunks of flesh


   Skills:
 - Level 2.0 Fighting
 + Level 11.1 Long Blades
 - Level 1.7 Throwing
 - Level 2.6 Dodging


You had 8 spell levels left.
You didn't know any spells.

Dungeon Overview and Level Annotations

Branches:
Dungeon (8/15)             Temple (1/1) D:6
   Lair: D:8-11

Altars:
Cheibriados
Elyvilon
Fedhas
Gozag
Hepliaklqana
Kikubaaqudgha
Nemelex Xobeh
Okawaru
Qazlal
Sif Muna
Trog
Uskayaw
Yredelemnul
Zin
The Shining One

Shops:
D:5 [(?

Annotations:
D:5 VDSlugg's ghost, novice MiBe
D:7 Joseph


Innate Abilities, Weirdness & Mutations

You have a pair of small horns on your head.
You are completely covered in yellow scales. (AC +4, rCorr)
Your flesh is heat resistant. (rF+)
You are powered by pain.
Your mind is acute. (Int +2)
Your flesh is cold resistant. (rC+)


Message History

The orc warrior is almost dead.
The orc warrior barely misses you.
You closely miss the orc warrior.
You headbutt the orc warrior, but do no damage.
The orc warrior is almost dead.
The orc warrior hits you with a trident.
* * * LOW HITPOINT WARNING * * *
You are confused.
You feel invigorated.
The orc warrior hits you but does no damage.
You closely miss the orc warrior.
The orc warrior is almost dead.
The orc warrior hits you with a trident!
* * * LOW HITPOINT WARNING * * *
You bump into the rock wall.
You closely miss the orc warrior.
You headbutt the orc warrior, but do no damage.
The orc warrior is almost dead.
The orc warrior hits you with a trident!
You die...

.##
######.....
#..@o....#
#.####...#
#. .# #


You could see an orc warrior.

Vanquished Creatures
  A spriggan (D:7)
  A water moccasin (D:7)
  Duvessa (D:7)
  An ice beast (D:3)
  2 necrophages (D:7)
  A phantom (D:6)
  2 ogres
  2 centaurs (D:5)
  A bullfrog (D:6)
  Dowan (D:7)
  5 crimson imps
  A centaur zombie (D:7)
  2 hounds
  2 orc priests
  An orc wizard (D:4)
  3 bullfrog skeletons
  Natasha (D:4)
  An iguana (D:4)
  3 worker ants
  A killer bee zombie (D:7)
  A hound zombie (D:7)
  3 hound skeletons
  Robin (D:1)
  7 adders
  8 gnolls
  4 oozes
  4 worms
  4 dart slugs
  7 leopard geckos
  17 orcs
  3 giant cockroaches
  15 goblins
  11 hobgoblins
  9 jackals (D:6)
  6 quokkas
  A ball python (D:4)
  3 bats
  4 frilled lizards
  10 kobolds
  A quokka skeleton (D:4)
  A rat (D:1)
153 creatures vanquished.

Notes
Turn   | Place    | Note
-------+----------+-------------------------------------------
     0 | D:1      | Cidec the Demonspawn Gladiator began the quest for the Orb.
     0 | D:1      | Reached XP level 1. HP: 16/16 MP: 1/1
    53 | D:1      | Reached skill level 3 in Long Blades
   255 | D:1      | Gained mutation: You sometimes gain a little power by taking damage. [demonic ancestry]
   255 | D:1      | Reached XP level 2. HP: 21/22 MP: 2/2
   981 | D:1      | Gained mutation: Your flesh is cold resistant. (rC+) [potion of mutation]
   981 | D:1      | Gained mutation: Your mind is acute. (Int +2) [potion of mutation]
   998 | D:2      | Noticed Robin
  1087 | D:2      | Reached skill level 4 in Long Blades
  1087 | D:2      | Gained mutation: You have a pair of small horns on your head. [demonic ancestry]
  1087 | D:2      | Reached XP level 3. HP: 17/27 MP: 3/3
  1459 | D:2      | Found a faded altar of an unknown god.
  1738 | D:2      | Gained mutation: You are partially covered in yellow scales. (AC +2) [demonic ancestry]
  1738 | D:2      | Reached XP level 4. HP: 12/33 MP: 4/4
  1744 | D:2      | HP: 1/33 [gnoll (6)]
  2116 | D:1      | Killed Robin
  2130 | D:2      | Reached skill level 5 in Long Blades
  2545 | D:3      | Noticed an ice beast
  2568 | D:2      | Gained mutation: You are mostly covered in yellow scales. (AC +3) [demonic ancestry]
  2568 | D:2      | Reached XP level 5. HP: 35/38 MP: 5/5
  2592 | D:3      | Killed an ice beast
  2608 | D:3      | Reached skill level 6 in Long Blades
  2741 | D:3      | Found a bloodstained altar of Trog.
  2811 | D:3      | Gained mutation: You are completely covered in yellow scales. (AC +4, rCorr) [demonic ancestry]
  2811 | D:3      | Reached XP level 6. HP: 40/44 MP: 6/6
  2969 | D:3      | Found an opulent altar of Gozag.
  3512 | D:4      | You fall through a shaft!
  3512 | D:5      | Entered Level 5 of the Dungeon
  3543 | D:5      | Found Egganiomm's Antique Armour Shop.
  3580 | D:5      | Reached skill level 7 in Long Blades
  3731 | D:5      | Found a white marble altar of Elyvilon.
  3739 | D:5      | Gained mutation: You sometimes gain power by taking damage. [demonic ancestry]
  3739 | D:5      | Reached XP level 7. HP: 36/50 MP: 7/7
  3983 | D:4      | Found a glowing golden altar of the Shining One.
  4058 | D:4      | Reached skill level 8 in Long Blades
  4197 | D:4      | Noticed Natasha
  4206 | D:4      | Killed Natasha
  4228 | D:4      | Found an opulent altar of Gozag.
  4746 | D:5      | Found Vituutih's Antique Weapon Shop.
  4963 | D:5      | Found Osofrut's Magic Scroll Boutique.
  5126 | D:5      | Noticed VDSlugg's ghost (novice MiBe)
  5204 | D:6      | Found a blossoming altar of Fedhas.
  5223 | D:6      | Reached skill level 9 in Long Blades
  5223 | D:6      | Gained mutation: Your flesh is heat resistant. (rF+) [demonic ancestry]
  5223 | D:6      | Reached XP level 8. HP: 46/56 MP: 8/8
  5561 | D:6      | Found a snail-covered altar of Cheibriados.
  5672 | D:6      | Found a staircase to the Ecumenical Temple.
  5701 | Temple   | Entered the Ecumenical Temple
  6344 | D:7      | Reached skill level 10 in Long Blades
  6857 | D:7      | Noticed Duvessa
  6859 | D:7      | Noticed Dowan
  6870 | D:7      | Killed Duvessa
  6870 | D:7      | Reached skill level 11 in Long Blades
  6870 | D:7      | Gained mutation: You are powered by pain. [demonic ancestry]
  6870 | D:7      | Reached XP level 9. HP: 49/58 MP: 9/9
  6877 | D:7      | Killed Dowan
  6964 | D:7      | Noticed Joseph
  7169 | D:8      | Slain by an orc warrior

Skill      XL: |  1  2  3  4  5  6  7  8 |
---------------+-------------------------+-----
Long Blades    | 3 4 5 6 7 9 11 | 11.1
Fighting       | |  2.0
Throwing       | |  1.7
Dodging        | |  2.6

Action                   |  1- 3 |  4- 6 |  7- 9 || total
-------------------------+-------+-------+-------++-------
Melee: Long sword        |    85 |   176 |   281 ||   542
       Headbutt          |     3 |    34 |    63 ||   100
Throw: Throwing net      |       |       |     3 ||     3
  Use: Scroll            |     5 |     8 |     5 ||    18
       Potion            |     1 |     3 |     5 ||     9
  Eat: Chunk             |     2 |     4 |     8 ||    14
       Ration            |       |     1 |     1 ||     2
Armor: Leather armour    |    16 |       |       ||    16
       Scale mail        |    19 |    72 |   101 ||   192
Dodge: Dodged            |    50 |    95 |   111 ||   256
Block: Other             |       |       |    24 ||    24
       Rpst.: Long sword |    23 |    31 |    39 ||    93
